 Dungeon Crawl Stone Soup version 0.28.0-43-g3370ac3207 (webtiles) character file.

Game seed: 691390154871796773

119 fknight the Chopper (level 5, 0/47 HPs)
             Began as a Hill Orc Monk on Mar 5, 2022.
             Slain by a gnoll
             ... wielding a +0 flail
              (11 damage)
             ... on level 3 of the Dungeon.
             The game lasted 00:07:32 (2260 turns).

fknight the Chopper (Hill Orc Monk)                 Turns: 2260, Time: 00:07:38

Health: 0/47       AC: 12    Str: 22    XL:     5   Next: 3%
Magic:  5/5        EV:  8    Int: 10    God:
Gold:   63         SH:  0    Dex: 13    Spells: 4/4 levels left

rFire   . . .      SeeInvis .   a - +0 hand axe
rCold   . . .      Faith    .   (no shield)
rNeg    . . .      Spirit   .   p - +0 chain mail
rPois   .          Reflect  .   (no helmet)
rElec   .          Harm     .   (no cloak)
rCorr   .          Rampage  .   (no gloves)
Will    .....                   (no boots)
Stlth   ..........              (no amulet)
HPRegen 0.15/turn               j - +6 ring of strength
MPRegen 0.09/turn               r - +4 ring of protection

@: no status effects
A: no striking features
a: no special abilities


You were on level 3 of the Dungeon.
You visited 1 branch of the dungeon, and saw 3 of its levels.

You collected 63 gold pieces.

Inventory:

Hand Weapons
 a - a +0 hand axe (weapon)
 c - a +0 dagger of electrocution
 k - a +1 dagger of freezing
 t - a +0 club
Missiles
 d - 52 stones (quivered)
 u - 17 sling bullets
Armour
 b - a +0 robe
 g - a +0 scale mail
 p - a +0 chain mail (worn)
Jewellery
 j - a +6 ring of strength (left hand)
 r - a +4 ring of protection (right hand)
 s - a ring of see invisible
Wands
 m - a wand of mindburst (15)
Scrolls
 f - a scroll of silence {unknown}
 h - a scroll of enchant armour {unknown}
 l - 2 scrolls of teleportation {unknown}
 n - a scroll of fog {unknown}
 o - a scroll of identify {unknown}
 q - 3 scrolls of noise {unknown}
Potions
 e - a potion of might {unknown}
 i - a potion of curing
 v - 2 potions of brilliance {unknown}


   Skills:
 + Level 4.5 Fighting
 + Level 5.0 Axes
 + Level 3.0 Dodging
 + Level 2.6 Stealth


You had 4 spell levels left.
You didn't know any spells.
Your spell library contained the following spells:

 Spells                   Type           Power      Damage    Failure   Level
 Sublimation of Blood     Necr           0%         N/A       99%         2
 Petrify                  Tmut/Erth      0%         N/A       100%        4
 Irradiate                Conj/Tmut      0%         3d13      100%        5


Dungeon Overview and Level Annotations

Branches:
Dungeon (3/15)

Altars:


Message History

You completely miss the gnoll. You hit the gnoll but do no damage.
The gnoll hits you but does no damage. x2
You hit the gnoll.
The gnoll is moderately wounded.
You hit the gnoll. You barely miss the gnoll.
The gnoll hits you but does no damage. x2; The gnoll closely misses you.
You hit the gnoll but do no damage.
The gnoll is moderately wounded.
You hit the gnoll. You barely miss the gnoll.
The gnoll hits you with a +0 flail. The gnoll hits you but does no damage.
The gnoll hits you with a +0 whip. The gnoll barely misses you.
The gnoll hits you but does no damage.
You slash the gnoll!
The gnoll is severely wounded.
You hit the gnoll. You hit the gnoll but do no damage.
The gnoll hits you but does no damage. The gnoll closely misses you.
The gnoll hits you but does no damage.
You completely miss the gnoll.
The gnoll is severely wounded.
You barely miss the gnoll. You hit the gnoll but do no damage.
The gnoll hits you with a +0 whip. The gnoll hits you with a +0 flail.
The gnoll hits you with a +0 whip.
You hit the gnoll but do no damage.
The gnoll is severely wounded.
You closely miss the gnoll. You barely miss the gnoll.
The gnoll barely misses you. The gnoll hits you with a +0 flail!
The gnoll hits you with a +0 whip.
You hit the gnoll.
The gnoll is almost dead.
You hit the gnoll. You hit the gnoll but do no damage.
The gnoll hits you with a +0 whip.
* * * LOW HITPOINT WARNING * * *
The gnoll hits you but does no damage. x2
You barely miss the gnoll.
The gnoll is almost dead.
You closely miss the gnoll. You barely miss the gnoll.
The gnoll hits you with a +0 whip.
* * * LOW HITPOINT WARNING * * *
The gnoll hits you with a +0 flail!
You die...

# ##+## #. ##...## .##
##.....## #..##
##.......## #...#
...####g........####....
.8....g@........'.......
...####g........###.....
##.......###.##...
##.....## #.#....
##...## #.##... ##+##
##..... # #####. #.#
###. ######.##### #...


You could see 3 gnolls.

Vanquished Creatures
  An orc wizard (D:3)
  A gnoll (D:3)
  2 adders (D:2)
  A dart slug (D:1)
  A worm (D:2)
  4 orcs (D:3)
  3 bats
  4 endoplasms
  3 giant cockroaches
  4 goblins
  8 hobgoblins
  3 jackals (D:1)
  3 quokkas
  2 ball pythons (D:1)
  A frilled lizard (D:1)
  8 kobolds
  3 rats (D:2)
52 creatures vanquished.

Notes
Turn   | Place    | Note
-------+----------+-------------------------------------------
     0 | D:1      | fknight the Hill Orc Monk began the quest for the Orb.
     0 | D:1      | Reached XP level 1. HP: 19/19 MP: 1/1
   226 | D:1      | Reached XP level 2. HP: 22/27 MP: 2/2
   356 | D:1      | Found a faded altar of an unknown god.
   529 | D:1      | You fall into a shaft and drop 1 floor!
   635 | D:1      | Reached XP level 3. HP: 29/33 MP: 3/3
  1476 | D:2      | Reached XP level 4. HP: 18/40 MP: 4/4
  2146 | D:3      | Reached skill level 5 in Axes
  2252 | D:3      | Reached XP level 5. HP: 46/47 MP: 5/5
  2260 | D:3      | Slain by a gnoll

Illustrated notes

Levels and vault maps discovered:
D:1:      amcnicky_arrival_single_pillar, layout_rooms,
          shapermc_ecumenical_altar_venn
D:2:      layout_basic
D:3:      layout_loops_corners, eat_drink_and_be_merry_uskayaw, chequers_garden,
          minmay_misc_feat_alley, minmay_misc_feat_square, st_stairs_4

Skill      XL: |  1  2  3  4 |
---------------+-------------+-----
Stealth        | 2 |  2.6
Fighting       | 4 |  4.5
Dodging        | 3 |  3.0
Axes           | 5 |  5.0

Action                   |  1- 3 |  4- 6 || total
-------------------------+-------+-------++-------
Melee: Hand axe          |   138 |    68 ||   206
       Punch             |     2 |     1 ||     3
Throw: Boomerang         |     3 |       ||     3
       Stone             |       |     9 ||     9
  Use: Potion            |     1 |       ||     1
 Stab: Sleeping          |     2 |       ||     2
Armor: Robe              |     9 |       ||     9
       Scale mail        |    37 |       ||    37
       Chain mail        |       |    39 ||    39
Dodge: Dodged            |    66 |    22 ||    88
